 Dungeon Crawl Stone Soup version 0.31-a0-983-g7b6862f502 (webtiles) character file.

Game seed: 3245080003809838977

92472 Dirtsage the Martial Artist (level 16, -5/135 HPs)
             Began as an Octopode Shapeshifter on Nov 2, 2023.
             Was the Champion of Wu Jian.
             Slain by a skeletal warrior
             ... wielding a +0 long sword
              (23 damage)
             ... on level 15 of the Dungeon.
             The game lasted 01:17:15 (19956 turns).

Dirtsage the Martial Artist (OpSh)                 Turns: 19956, Time: 01:17:15

Health: -5/135     AC: 12    Str: 24    XL:     16   Next: 6%
Magic:  22/22      EV: 14    Int: 20    God:    Wu Jian [******]
Gold:   1172       SH:  0    Dex: 18    Spells: 14/23 levels left

rFire   . .          .
                       - Unarmed
rCold   . . .        (shield currently unavailable)
rNeg    + . .        (helmet currently unavailable)
rPois   .            c - amulet of regeneration
rElec   .            N - ring of positive energy
rCorr   +            v - +6 ring of intelligence
SInv    .            K - +6 ring of strength
Will    ++...        M - +4 ring of slaying
Stlth   ++           I - ring of willpower
HPRegen 1.22/turn    C - ring of resist corrosion
MPRegen 0.18/turn    T - ring of flight
                     (no ring)

%: no passive effects
@: about to teleport, snake-form, flying
A: constrict, boosted hp, almost no armour, amphibious, 8 rings, large,
(camouflage 1), (gelatinous body 1), (nimble swimmer 1), (tentacles)
a: Begin Untransformation, Renounce Religion, Wall Jump, Serpent's Lash,
Heavenly Storm


You were on level 15 of the Dungeon.
You worshipped Wu Jian.
Wu Jian was exalted by your worship.
You were an enormous anaconda.
You visited 4 branches of the dungeon, and saw 23 of its levels.

You collected 1893 gold pieces.
You spent 721 gold pieces at shops.

Inventory:

Missiles
 j - a throwing net
 y - 5 curare-tipped darts
Jewellery
 c - an amulet of regeneration (around neck)
 v - a +6 ring of intelligence (right tentacle)
 C - a ring of resist corrosion (on tentacle)
 I - a ring of willpower (on tentacle)
 K - a +6 ring of strength (on tentacle)
 M - a +4 ring of slaying (on tentacle)
 N - a ring of positive energy (left tentacle)
 T - a ring of flight (on tentacle)
Talismans
 b - a beast talisman
 s - a serpent talisman (active)
 U - a maw talisman
 V - a storm talisman
Wands
 x - a wand of charming (16)
 G - a wand of iceblast (24)
 L - a wand of flame (14)
 P - a wand of quicksilver (6)
Scrolls
 e - 3 scrolls of amnesia
 f - 2 scrolls of torment
 g - 2 scrolls of fear
 k - 2 scrolls of fog
 p - a scroll of butterflies
 r - 3 scrolls of vulnerability {unknown}
 t - 5 scrolls of teleportation
 u - a scroll of enchant armour
 z - 3 scrolls of revelation
 B - 5 scrolls of blinking
 F - 2 scrolls of poison {unknown}
 J - a scroll of immolation
 Q - a scroll of noise
 R - a scroll of silence
Potions
 a - 2 potions of ambrosia
 d - 5 potions of might
 h - 4 potions of haste
 l - 4 potions of heal wounds
 m - 7 potions of enlightenment
 n - 2 potions of resistance
 o - 4 potions of mutation
 q - 2 potions of curing
 w - 4 potions of brilliance
 A - a potion of magic
 D - a potion of invisibility
 E - 4 potions of attraction
 H - 2 potions of lignification
 S - a potion of berserk rage
Miscellaneous
 i - a phantom mirror
 O - a sack of spiders


   Skills:
 + Level 11.5 Fighting
 + Level 8.2 Dodging
 - Level 14.8 Unarmed Combat
 - Level 4.2 Spellcasting
 - Level 7.0 Hexes
 - Level 7.5 Transmutations
 + Level 7.2 Evocations
 * Level 14.7 Shapeshifting


You had 14 spell levels left.
You knew the following spells:

 Your Spells              Type           Power      Damage    Failure   Level
a - Yara's Violent Unrav  Hex/Tmut       16%        3d8       19%         5
b - Wereblood             Tmut           34%        N/A       1%          2
w - Passwall              Tmut/Erth      15%        N/A       4%          2

Your spell library contained the following spells:

 Spells                   Type           Power      Damage    Failure   Level
 Tukima's Dance           Hex            32%        N/A       1%          3
 Inner Flame              Hex/Fire       18%        N/A       9%          3
 Necrotise                Necr           16%        1d4       13%         1
 Sandblast                Erth           8%         2d5       13%         1
 Ignite Poison            Fire/Tmut/Pois 14%        N/A       14%         3
 Cigotuvi's Dreadful Rot  Necr/Pois/Air  8%         N/A       19%         2
 Sublimation of Blood     Necr           4%         N/A       19%         2
 Dimensional Bullseye     Hex/Tloc       9%         N/A       30%         4
 Ozocubu's Armour         Ice            4%         N/A       36%         3
 Stone Arrow              Conj/Erth      8%         3d7       36%         3
 Vampiric Draining        Necr           4%         2d6       36%         3
 Summon Mana Viper        Hex/Summ       18%        N/A       63%         5
 Brom's Barrelling Bould  Conj/Erth      4%         2d3       77%         4
 Flame Wave               Conj/Fire      4%         2d5       77%         4
 Iskenderun's Mystic Bla  Conj/Tloc      4%         2d3       77%         4
 Passage of Golubria      Tloc           4%         N/A       77%         4
 Sticky Flame             Conj/Fire      4%         2d3       77%         4
 Summon Ice Beast         Ice/Summ       4%         N/A       77%         4
 Agony                    Necr           4%         N/A       98%         5
 Freezing Cloud           Conj/Ice/Air   2%         6-21      98%         5
 Monstrous Menagerie      Summ           2%         N/A       100%        7
 Ozocubu's Refrigeration  Ice            2%         4d7       100%        7
 Summon Hydra             Summ           2%         N/A       100%        7


Dungeon Overview and Level Annotations

Branches:
Dungeon (15/15)            Temple (1/1) D:4            Lair (5/5) D:10
 Shoals (0/4) Lair:2       Spider (0/4) Lair:3        Slime (0/5) Lair:5
    Orc (2/2) D:12            Elf (0/3) Orc:2        Vaults (0/5) D:14
 Depths (0/4) D:15

Altars:
Ashenzari
Cheibriados
Dithmenos
Elyvilon
Fedhas
Gozag
Hepliaklqana
Kikubaaqudgha
Makhleb
Nemelex Xobeh
Okawaru
Qazlal
Ru
Sif Muna
Trog
Uskayaw
Vehumet
Wu Jian
Xom
Yredelemnul
Zin
The Shining One
Jiyva
Lugonu

Shops:
D:11 [   Orc:1 *   Orc:2 **[(*:

Portals:
Abyss: Lair:5

Annotations:
D:8 exclusion: oklob plant
D:10 3 runed translucent doors, Arzdou's ghost, novice DEIE
D:14 exclusions: door and 2 more exclusions
D:15 Agnes; Roxanne


Innate Abilities, Weirdness & Mutations

You are an enormous anaconda.
You have a powerful constriction melee attack.
Your maximum health is increased.
Your armour is entirely melded.
You are incapable of wielding weapons or throwing items.
You cannot wear most types of armour.
You are amphibious.
You can wear up to eight rings at the same time.
((Your skin changes colour to match your surroundings (Stealth+).))
((Your rubbery body absorbs attacks. (AC +1, EV +1)))
((You are camouflaged when in or above water. (Stealth+)))
((You have tentacles for arms and can constrict up to eight enemies at once.))


Message History

You body-slam the tengu warrior!!
The tengu warrior is severely wounded.
You constrict the tengu warrior. The tengu warrior blocks your attack.
The tengu warrior is almost dead.
You constrict the tengu warrior.
The tengu warrior hits you with a +0 broad axe!
The tengu warrior barely misses you.
The tengu warrior claws you but does no damage.
You take 8 damage, and have 107/135 hp.
You body-slam the tengu warrior!!
You kill the tengu warrior!
The Council accepts your kill.
You barely miss the skeletal warrior. You grab the skeletal warrior.
You constrict the skeletal warrior.
You hit the skeletal warrior but do no damage.
The skeletal warrior is lightly damaged.
You constrict the skeletal warrior, but do no damage.
The skeletal warrior hits you but does no damage.
You completely miss the skeletal warrior.
The skeletal warrior is lightly damaged.
You constrict the skeletal warrior, but do no damage.
The skeletal warrior hits you with a +0 long sword!
You take 15 damage, and have 95/135 hp.
You body-slam the skeletal warrior!!
The skeletal warrior is moderately damaged.
You constrict the skeletal warrior.
The skeletal warrior hits you with a +0 long sword!
You take 13 damage, and have 82/135 hp.
You release your grip on the skeletal warrior.
The skeletal warrior attacks as it pursues you!
The skeletal warrior hits you with a +0 long sword!!
The skeletal warrior hits you from afar with a +0 halberd!
You take 37 damage, and have 45/135 hp.
MASSIVE DAMAGE!!
As you read the scroll of teleportation, it crumbles to dust.
You feel strangely unstable.
The skeletal warrior hits you from afar with a +0 halberd!!
* * * LOW HITPOINT WARNING * * *
The skeletal warrior hits you with a +0 long sword!!
You die...

..# #.....##......8..## ..#
#....##..8.......P## ###
#....#........88..P# ###
♣...##...P.8.8.....# ##..
#...##....8........# ....
##...##..........zz.# ....
#♣# #♣............z8..8.....
....
...##..####.................
...z #.....##
##8...Sz.z........ ....
##...#######....)...........
...z
##..####..##............8...
....
#^..##....###.............
....
....#......###............
....
##..........######........
..z. #........).## #######..
##.. #............## .
..............#


You could see 5 skeletal warriors.

Vanquished Creatures
  Jorgrun (D:14)
  Rupert (D:14)
  An ironbound preserver (D:14)
  An orc warlord (Orc:2)
  An ettin (Orc:1)
  A quicksilver dragon zombie (D:15)
  2 hydras
  2 ogre magi
  2 catoblepae (D:14)
  6 centaur warriors
  11 two-headed ogres
  A boulder beetle (D:12)
  A vampire mage (D:15)
  A tengu warrior (D:15)
  2 death yaks (Lair:1)
  An occultist (D:15)
  2 thrashing horrors (Lair:5)
  3 orc high priests
  Sonja (Lair:3)
  Amaemon (Lair:3)
  2 skysharks
  A spark wasp zombie (D:15)
  2 skeletal warriors (D:15)
  2 deep elf pyromancers
  Pikel (D:6)
  5 orc knights
  A necromancer (D:15)
  4 orc sorcerers
  An oklob plant (D:10)
  4 cyclopes
  14 ugly things
  5 manticores
  13 elephants
  Joseph (Lair:1)
  2 smoke demons (Lair:5)
  8 slime creatures
  A torpor snail (Lair:1)
  2 black mambas
  Maurice (D:13)
  10 cane toads
  5 gargoyles
  2 rime drakes
  12 komodo dragons
  An unseen horror (D:10)
  An efreet (D:15)
  4 polar bears
  8 trolls
  3 meliai (D:14)
  A troll (shapeshifter) (Lair:5)
  20 blink frogs (Lair:5)
  A dream sheep (shapeshifter) (D:14)
  3 raiju (Lair:5)
  A centaur simulacrum (D:14)
  2 large abominations (Lair:5)
  2 jumping spiders (Lair:3)
  2 vampires
  A ynoxinul (Lair:5)
  A shadow (D:11)
  4 wraiths
  53 yaks
  A spriggan (Lair:5)
  9 basilisks
  2 wyverns
  A redback (Lair:3)
  A steam dragon (Lair:2)
  3 vampire mosquitoes
  2 chaos spawn (Lair:5)
  3 wargs
  An acid dragon (D:11)
  15 water moccasins
  22 orc warriors
  2 sky beasts
  12 ogres
  2 black bears
  18 wolves
  22 centaurs
  12 small abominations (Lair:5)
  A lemure (D:6)
  3 kobold brigands
  A phantom (D:6)
  9 bullfrogs
  3 gnoll sergeants
  2 scorpions
  5 wights (D:9)
  8 killer bees (D:10)
  2 electric eels (Lair:4)
  A howler monkey (D:9)
  3 hounds
  2 jellies
  2 gnoll boudas
  9 orc priests
  4 iguanas
  A sleepcap (D:6)
  18 orc wizards
  24 gnolls
  9 adders
  3 white imps
  4 worms
  A dart slug (D:4)
  51 orcs
  5 ball pythons
  4 bats
  17 endoplasms
  5 giant cockroaches
  5 goblins
  8 hobgoblins
  4 jackals
  5 quokkas
  A frilled lizard (D:1)
  21 kobolds
  2 rats (D:2)
620 creatures vanquished.

Vanquished Creatures (collateral kills)
  An orange demon (Lair:3)
1 creature vanquished.

Grand Total: 621 creatures vanquished

Notes
Turn   | Place    | Note
-------+----------+-------------------------------------------
     0 | D:1      | Dirtsage the Octopode Shapeshifter began the quest for the
                  | Orb.
     0 | D:1      | Reached XP level 1. HP: 13/13 MP: 1/1
    85 | D:1      | Reached XP level 2. HP: 7/18 MP: 2/2
   447 | D:1      | Reached XP level 3. HP: 19/23 MP: 3/3
  1035 | D:2      | Reached XP level 4. HP: 27/29 MP: 4/4
  1527 | D:3      | Found a sacrificial altar of Ru.
  1640 | D:3      | Found a hazy altar of Hepliaklqana.
  1640 | D:3      | Found a glowing silver altar of Zin.
  1786 | D:3      | Reached XP level 5. HP: 30/34 MP: 5/5
  2343 | D:4      | Learned a level 2 spell: Passwall
  2412 | D:4      | Found a staircase to the Ecumenical Temple.
  2439 | D:4      | Reached XP level 6. HP: 34/41 MP: 6/6
  2526 | Temple   | Entered the Ecumenical Temple
  2531 | Temple   | Became a worshipper of the Wu Jian Council
  2791 | D:5      | Entered Level 5 of the Dungeon
  2813 | D:5      | Noticed a two-headed ogre
  2904 | D:6      | Noticed a water moccasin
  2913 | D:6      | Killed a water moccasin
  2914 | D:6      | Reached skill level 5 in Shapeshifting
  2965 | D:6      | Reached XP level 7. HP: 45/46 MP: 7/7
  2972 | D:6      | Reached skill level 5 in Unarmed Combat
  3290 | D:6      | Reached * piety under Wu Jian
  3354 | D:6      | Noticed Pikel
  3381 | D:6      | Killed Pikel
  3382 | D:6      | Reached XP level 8. HP: 12/54 MP: 8/8
  3741 | D:6      | Reached skill level 5 in Fighting
  3946 | D:6      | Saving game... please wait.
  3946 | D:6      | Upgraded the game from 0.31-a0-981-geadf994542 to
                  | 0.31-a0-983-g7b6862f502
  4009 | D:5      | Killed a two-headed ogre
  4010 | D:5      | Reached XP level 9. HP: 62/62 MP: 9/9
  4781 | D:7      | Identified the +3 chain mail of Voracious Brilliance {Str+4
                  | SInv}
  4818 | D:7      | Noticed a gargoyle
  4886 | D:7      | Killed a gargoyle
  4886 | D:7      | Reached ** piety under Wu Jian
  5267 | D:8      | Found a sparkling altar of Nemelex Xobeh.
  5268 | D:8      | Found an ancient bone altar of Kikubaaqudgha.
  5331 | D:8      | Found a white marble altar of Elyvilon.
  5526 | D:8      | Noticed an oklob plant
  5673 | D:8      | Reached XP level 10. HP: 69/69 MP: 10/10
  5694 | D:8      | Reached skill level 1 in Transmutations
  6163 | D:9      | Learned a level 5 spell: Yara's Violent Unravelling
  6173 | D:9      | Reached *** piety under Wu Jian
  6788 | D:9      | Reached skill level 10 in Shapeshifting
  7024 | D:10     | Entered Level 10 of the Dungeon
  7071 | D:10     | Noticed Arzdou's ghost (novice DEIE)
  7072 | D:10     | Noticed a stone giant
  7075 | D:10     | Found a runed translucent gate.
  7075 | D:10     | Noticed a white ugly thing
  7080 | D:10     | Found a runed translucent gate.
  7097 | D:10     | Reached skill level 1 in Hexes
  7367 | D:10     | Found a broken altar of Ashenzari.
  7416 | D:10     | Noticed a two-headed ogre
  7418 | D:10     | Killed a two-headed ogre
  7419 | D:10     | Reached XP level 11. HP: 76/76 MP: 11/11
  7519 | D:10     | Found a staircase to the Lair.
  7521 | D:10     | Noticed an oklob plant
  7530 | D:10     | Killed an oklob plant
  7620 | D:10     | Found a runed translucent gate.
  8079 | Lair:1   | Entered Level 1 of the Lair of Beasts
  8079 | Lair:1   | Found a bloodstained altar of Trog.
  8225 | Lair:2   | Reached **** piety under Wu Jian
  8281 | Lair:1   | Reached skill level 10 in Unarmed Combat
  8374 | Lair:1   | Noticed a death yak
  8491 | Lair:2   | Noticed a manticore
  8495 | Lair:2   | Found a staircase to the Shoals.
  8495 | Lair:2   | Noticed a manticore
  8503 | Lair:2   | Killed a manticore
  8509 | Lair:2   | Killed a manticore
  8744 | Lair:2   | Noticed a skyshark
  8902 | Lair:2   | You fall into a shaft and drop 2 floors!
  9051 | Lair:3   | Reached XP level 12. HP: 84/84 MP: 12/12
  9104 | Lair:3   | Reached skill level 5 in Transmutations
  9581 | Lair:2   | Killed a skyshark
 10068 | Lair:1   | Noticed Joseph
 10077 | Lair:1   | Killed Joseph
 10211 | Lair:1   | Noticed a death yak
 10238 | Lair:1   | Killed a death yak
 10239 | Lair:1   | Reached skill level 5 in Hexes
 10242 | Lair:1   | Killed a death yak
 10338 | Lair:1   | Reached ***** piety under Wu Jian
 10529 | Lair:1   | Identified a scroll of acquirement
 10572 | Lair:3   | Noticed Amaemon
 10586 | Lair:3   | Killed Amaemon
 10708 | Lair:3   | Noticed Sonja
 10711 | Lair:3   | Killed Sonja
 10808 | Lair:3   | Reached skill level 1 in Evocations
 10808 | Lair:3   | Reached XP level 13. HP: 90/90 MP: 13/13
 10890 | Lair:3   | Found a hole to the Spider Nest.
 12183 | Lair:5   | Entered Level 5 of the Lair of Beasts
 12221 | Lair:5   | Reached skill level 5 in Dodging
 12545 | Lair:5   | HP: 4/110 [blink frog (11)]
 12752 | Lair:5   | Found a viscous altar of Jiyva.
 12752 | Lair:5   | Found a staircase to the Slime Pits.
 12816 | Lair:5   | Reached skill level 10 in Fighting
 13167 | Lair:5   | Reached XP level 14. HP: 71/99 MP: 14/14
 13503 | Lair:5   | Found the +6 arbalest "Damnation" {damnation}
 13843 | Lair:5   | Found a corrupted altar of Lugonu.
 13843 | Lair:5   | Found a one-way gate to the infinite horrors of the Abyss.
 14333 | D:11     | Reached ****** piety under Wu Jian
 14606 | D:11     | Found Yahweh's Dragon-Slaying Spoils.
 15121 | D:12     | Found a staircase to the Orcish Mines.
 15460 | D:12     | Reached skill level 1 in Spellcasting
 15522 | D:12     | Reached skill level 5 in Evocations
 15629 | D:12     | Acquired a book of Blood
 15634 | D:12     | Learned a level 2 spell: Wereblood
 15659 | Orc:1    | Entered Level 1 of the Orcish Mines
 15660 | Orc:1    | Paralysed by an orc sorcerer for 3 turns
 15849 | Orc:1    | Found Qecsaulu's Assorted Antiques.
 15990 | Orc:2    | Entered Level 2 of the Orcish Mines
 16078 | Orc:2    | Noticed an orc warlord
 16204 | Orc:2    | Found Wiyryd's Book Boutique.
 16228 | Orc:2    | Found Nato's Antique Weapon Emporium.
 16253 | Orc:2    | Found Totosy's General Store.
 16264 | Orc:2    | Found a burning altar of Makhleb.
 16302 | Orc:2    | Bought a scroll of identify for 26 gold pieces
 16714 | Orc:2    | Found Xasue's Antique Armour Boutique.
 16736 | Orc:2    | Found a staircase to the Elven Halls.
 16738 | Orc:2    | Found Uduvich's General Store.
 16744 | Orc:2    | Found Wurekon's Specific Store.
 16851 | Orc:2    | Killed an orc warlord
 16852 | Orc:2    | Reached XP level 15. HP: 105/105 MP: 18/18
 17162 | Orc:2    | Bought a ring of willpower for 325 gold pieces
 17206 | Orc:1    | Bought a glowing jade ring for 185 gold pieces
 17206 | Orc:1    | Bought a potion of heal wounds for 185 gold pieces
 17451 | D:13     | Noticed Maurice
 17484 | D:13     | Something stole a throwing net
 17486 | D:13     | Killed Maurice
 17849 | D:13     | Identified the scarf of Too Many Cooks {rC+ rF+, *Slow rN+
                  | Int+3}
 18221 | D:14     | Found a gate to the Vaults.
 18482 | D:14     | Noticed Jorgrun
 18482 | D:14     | Noticed Rupert
 18517 | D:14     | Killed Jorgrun
 18902 | D:14     | Killed Rupert
 19189 | D:15     | Entered Level 15 of the Dungeon
 19189 | D:15     | Noticed Roxanne
 19413 | D:15     | Noticed Agnes
 19519 | D:15     | Reached XP level 16. HP: 113/113 MP: 22/22
 19868 | D:15     | Found a staircase to the Depths.
 19956 | D:15     | Slain by a skeletal warrior

Illustrated notes

Levels and vault maps discovered:
D:1:      ncdulo_wetmaze, layout_rooms, minmay_hexomino_p4
D:2:      layout_basic
D:3:      layout_basic, gammafunk_temple_overflow_statue,
          mainiacjoe_overflow_catwalk, corexii_shack,
          kennysheep_decorative_pillar
D:4:      layout_loops_cross, minmay_temple_entry_proselytizer
D:5:      layout_rooms, nicolae_fountain_basement
D:6:      cheibrodos_thug_alley, layout_loops_ring, uniq_pikel
D:7:      layout_rooms, roderic_roman_lattice
D:8:      lemuel_slime, layout_gridville, gammafunk_temple_overflow_forgotten,
          nicolae_straight_to_the_point
D:9:      layout_roguey, serial_rivers, chequers_serial_rivers_micro_d,
          chequers_serial_rivers_marsh, chequers_serial_rivers_marsh,
          chequers_serial_rivers_large_b
D:10:     layout_stronghold, mainiacjoe_overflow_tiny_flanked,
          dpeg_oklobed_lair, gammafunk_ghost_split
D:11:     layout_loops_ring, chequers_serial_rivers_small_b,
          nicolae_shop_dragon_depot
D:12:     layout_loops_cross, david_orc_3
D:13:     layout_loops_ring, uniq_maurice
D:14:     layout_roguey, skrybe_vaults_entry_preservation, serial_corexii_hall,
          corexii_hall_statues_x, corexii_hall_statues_x, uniq_rupert,
          uniq_jorgrun
D:15:     gammafunk_depths_entry_grave, layout_cave_pods,
          nicolae_tso_swordbearing_angel, minivault_5,
          hellmonk_guarded_unrand_rift, uniq_roxanne, uniq_agnes
Temple:   minmay_freezing_vapour_temple
Lair:1:   layout_cave_shapes, basic_altar, lemuel_fruit_tree, uniq_joseph
Lair:2:   layout_hall_layers, minmay_shoals_entry_beasts
Lair:3:   layout_loops_ring, spider_nest_entry_a,
          chequers_serial_rivers_micro_d, minivault_23, grunt_megastairs_5,
          uniq_amaemon, uniq_sonja
Lair:4:   layout_concentric_octagons, serial_bayou_shore_a,
          serial_bayou_shore_b, grunt_megastairs_3
Lair:5:   hellmonk_lair_end_abyssal_woods, layout_hall_layers, slime_entry_1,
          guppyfry_lair_drakes, grunt_megastairs_2
Orc:1:    layout_caves, serial_shops, shop, basic_altar
Orc:2:    grunt_orc_gardens, layout_diamond_mine, grunt_orc_garden,
          grunt_orc_garden, grunt_orc_garden, grunt_orc_garden,
          nicolae_specific_store, bloody_makhleb

Skill      XL: |  1  2  3  4  5  6  7  8  9 10 11 12 13 14 15 |
---------------+----------------------------------------------+-----
Unarmed Combat | 4 6 7 9 10 11 12 13 14 | 14.8
Fighting       | 2 3 4 5 6 7 8 9 10 11 | 11.5
Shapeshifting  | 4 5 7 8 9 10 11 12 13 14 | 14.7
Transmutations | 3 4 6 7 |  7.5
Hexes          | 2 4 5 6 7 |  7.0
Dodging        | 4 5 6 8 |  8.2
Evocations     | 1 3 5 7 |  7.2
Spellcasting   | 2 4 |  4.2

Action                     |  1- 3 |  4- 6 |  7- 9 | 10-12 | 13-15 | 16-18 || total
---------------------------+-------+-------+-------+-------+-------+-------++-------
  Melee: Unarmed           |    59 |   124 |   229 |   504 |   930 |    33 ||  1879
         Constrict         |    15 |    31 |    52 |    98 |   224 |     5 ||   425
         Tentacles         |    11 |    24 |    16 |       |       |       ||    51
         Punch             |     2 |     5 |     5 |       |       |       ||    12
  Throw: Dart              |       |       |     2 |       |       |       ||     2
   Cast: Passwall          |       |       |     3 |       |       |       ||     3
         Wereblood         |       |       |       |       |     7 |       ||     7
 Invoke: Serpent's Lash    |       |       |       |     2 |     2 |       ||     4
         Heavenly Storm    |       |       |       |       |     2 |       ||     2
Ability: Lunge             |       |     3 |    35 |    39 |    85 |     4 ||   166
         Whirlwind         |       |       |    20 |    51 |   145 |       ||   216
  Evoke: Wand              |       |     1 |       |     5 |     5 |       ||    11
         Phantom mirror    |       |       |       |       |     1 |       ||     1
    Use: Scroll            |       |     8 |     6 |     9 |     7 |     3 ||    33
         Potion            |       |     1 |     2 |     1 |     2 |       ||     6
   Stab: Sleeping          |     5 |    11 |     1 |     3 |     1 |       ||    21
         Distracted        |       |       |     1 |       |       |     1 ||     2
         Betrayed ally     |       |       |       |     1 |       |       ||     1
 Armour: Skin              |    38 |    51 |   114 |   359 |   614 |    32 ||  1208
  Dodge: Dodged            |    29 |    49 |    91 |   197 |   383 |    17 ||   766
   Form: Anaconda          |       |       |     2 |       |       |       ||     2
         Beast             |       |       |     1 |       |       |       ||     1

Table legend: (Time is in decaauts)
 A = Elapsed time spent in this place.
 B = Non-inter-level travel time spent in this place.
 C = Inter-level travel time spent in this place.
 D = Time resting spent in this place.
 E = Time spent auto-exploring this place.
 F = Levels seen in this place.
 G = Mean time per level.
                   A        B        C        D        E       F      G
               +--------+--------+--------+--------+--------+-----+--------+
         Total |  19676 |  18851 |    825 |    997 |  14005 |  23 |  855.5 |
       Dungeon |  12209 |  11703 |    506 |    416 |   9012 |  15 |  813.9 |
        Temple |     10 |      2 |      8 |      0 |      0 |   1 |   10.0 |
          Lair |   5910 |   5699 |    211 |    429 |   4004 |   5 | 1182.0 |
  Orcish Mines |   1545 |   1445 |    100 |    152 |    989 |   2 |  772.5 |
               +--------+--------+--------+--------+--------+-----+--------+

Top non-repeatable levels by time:
  Lair:5: 1802 daAuts
    D:14: 1213 daAuts
     D:6: 1202 daAuts
  Lair:3: 1160 daAuts
  Lair:2: 1110 daAuts
    D:10: 1063 daAuts
  Lair:1: 1045 daAuts
   Orc:2: 1026 daAuts
     D:9: 927 daAuts
     D:8: 882 daAuts
     D:2: 824 daAuts
  Lair:4: 793 daAuts
    D:12: 778 daAuts
    D:11: 768 daAuts
    D:13: 756 daAuts
